 Dungeon Crawl Stone Soup version 0.26-a0-707-g31817bcca1 (webtiles) character file.

Game seed: 15430985303966664195

63 jestyr24 the Chucker (level 4, 0/45 HPs)
             Began as an Ogre Hunter on Oct 26, 2020.
             Slain by an adder (1 damage)
             ... on level 2 of the Dungeon.
             The game lasted 00:06:33 (1800 turns).

jestyr24 the Chucker (Ogre Hunter)                  Turns: 1800, Time: 00:06:35

Health: 0/45       AC:  3    Str: 17    XL:     4   Next: 10%
Magic:  4/4        EV: 10    Int: 12    God:
Gold:   46         SH:  0    Dex:  9    Spells: 3/3 levels left

rFire    . . .     SeeInvis .   i - +0 club
rCold    . . .     Faith    .   (no shield)
rNeg     . . .     Spirit   .   b - +0 robe
rPois    .         Reflect  .   (helmet restricted)
rElec    .         Harm     .   (no cloak)
rCorr    .         Rampage  .   (gloves unavailable)
MR       .....                  (boots unavailable)
Stlth    +.........             (no amulet)
HPRegen  0.15/turn              (no ring)
MPRegen  0.09/turn              (no ring)

@: lethally poisoned (0 -> -9)
A: large, unfitting armour, tough skin 1
a: no special abilities


You were on level 2 of the Dungeon.
You visited 1 branch of the dungeon, and saw 2 of its levels.

You collected 46 gold pieces.

Inventory:

Hand Weapons
 a - a +0 short sword
 i - a +0 club (weapon)
 k - a +0 spear
Missiles
 c - 5 large rocks
 d - 2 throwing nets
 f - 35 stones (quivered)
 j - 7 sling bullets
Armour
 b - a +0 robe (worn)
 e - a +0 buckler
Potions
 g - a potion of ambrosia {unknown}
 h - a potion of brilliance {unknown}


   Skills:
 * Level 3.3 Fighting
 - Level 1.0 Short Blades
 + Level 0.3 Maces & Flails
 + Level 4.7 Throwing
 + Level 2.1 Dodging
 + Level 1.0 Stealth


You had 3 spell levels left.
You didn't know any spells.
Your spell library was empty.

Dungeon Overview and Level Annotations

Branches:
Dungeon (2/15)

Altars:


Innate Abilities, Weirdness & Mutations

You are too large for most types of armour.
You have tough skin. (AC +1)


Message History

The adder is moderately wounded.
You feel sick. The adder bites you.
* * * LOW HITPOINT WARNING * * *
The adder closely misses you.
You closely miss the adder.
The adder is moderately wounded.
* * * LOW HITPOINT WARNING * * *
You feel sick. The adder barely misses you.
You barely miss the adder.
The adder is moderately wounded.
* * * LOW HITPOINT WARNING * * *
You feel sick. The adder barely misses you. x2
You closely miss the adder.
The adder is moderately wounded.
* * * LOW HITPOINT WARNING * * *
You feel sick. The adder bites you.
* * * LOW HITPOINT WARNING * * *
You are more poisoned.
The adder poisons you! The adder bites you.
You die...

# .###.#
#. ...#.#
#.##..#.#
##(......#
........
.(... #S.#
#@# #.#
#+# ##.##
#.# #...#
#.# #.#.#
####.####
#...#
##.......#
##.##
.........#
#.#
##.#...#.#
#.#


You could see an adder.

Vanquished Creatures
  An ooze (D:1)
  2 worms (D:2)
  2 dart slugs (D:1)
  2 leopard geckos (D:1)
  10 bats
  4 giant cockroaches
  3 goblins
  2 hobgoblins (D:1)
  2 jackals (D:1)
  A frilled lizard (D:1)
  4 kobolds
  15 rats
48 creatures vanquished.

Notes
Turn   | Place    | Note
-------+----------+-------------------------------------------
     0 | D:1      | jestyr24 the Ogre Hunter began the quest for the Orb.
     0 | D:1      | Reached XP level 1. HP: 22/22 MP: 1/1
   227 | D:1      | Upgraded the game from 0.26-a0-695-g987792ac36 to
                  | 0.26-a0-707-g31817bcca1
   244 | D:1      | Reached XP level 2. HP: 26/29 MP: 2/2
   535 | D:1      | Reached skill level 1 in Short Blades
   535 | D:1      | Reached XP level 3. HP: 32/36 MP: 3/3
  1296 | D:2      | Reached skill level 1 in Stealth
  1412 | D:2      | Reached XP level 4. HP: 6/45 MP: 4/4
  1800 | D:2      | HP: 1/45 [adder (3)]
  1800 | D:2      | Slain by an adder

Illustrated notes

Levels and vault maps discovered:
D:1:      co_arrival_random_square_maze, layout_rooms, moated_statue,
          minmay_rat_gold_closets
D:2:      layout_loops_corners, makhleb_heckhound_becter

Skill      XL: |  1  2  3 |
---------------+----------+-----
Short Blades   | 1 |  1.0
Dodging        | 2 |  2.1
Fighting       | 3 |  3.3
Stealth        | 1 |  1.0
Maces & Flails | |  0.3
Throwing       | |  4.7

Action                   |  1- 3 |  4- 6 || total
-------------------------+-------+-------++-------
Melee: Short sword       |    81 |       ||    81
       Club              |    46 |    22 ||    68
Throw: Stone             |    67 |    16 ||    83
       Large rock        |     1 |       ||     1
 Stab: Sleeping          |     4 |       ||     4
Armor: Robe              |    77 |    11 ||    88
Dodge: Dodged            |    99 |    24 ||   123

Table legend: (Time is in decaauts)
 A = Elapsed time spent in this place.
 B = Non-inter-level travel time spent in this place.
 C = Inter-level travel time spent in this place.
 D = Time resting spent in this place.
 E = Time spent auto-exploring this place.
 F = Levels seen in this place.
 G = Mean time per level.
                   A        B        C        D        E       F      G
               +--------+--------+--------+--------+--------+-----+--------+
         Total |   1817 |   1786 |     31 |    370 |    940 |   2 |  908.5 |
       Dungeon |   1817 |   1786 |     31 |    370 |    940 |   2 |  908.5 |
               +--------+--------+--------+--------+--------+-----+--------+

Top non-repeatable levels by time:
     D:1: 1066 daAuts
     D:2: 751 daAuts
